 Dungeon Crawl Stone Soup version 0.27-a0-906-g0a00ce863d (webtiles) character file.

Game seed: 11758917249131817762

404 robertstho the Skirmisher (level 6, 0/58 HPs)
             Began as a Minotaur Berserker on Apr 7, 2021.
             Was a Believer of Trog.
             Slain by Grinder (6 damage)
             ... on level 3 of the Dungeon.
             The game lasted 00:02:43 (2681 turns).

robertstho the Skirmisher (Minotaur Berserker)      Turns: 2681, Time: 00:02:45

Health: 0/58       AC:  3    Str: 22 (23) XL:     6   Next: 56%
Magic:  5/5        EV: 12    Int:  2 (4)  God:    Trog [**....]
Gold:   83         SH:  0    Dex:  8 (10) Spells: 5/5 levels left

rFire    . . .     SeeInvis .   a - +0 hand axe
rCold    + . .     Faith    .   (no shield)
rNeg     . . .     Spirit   .   b - +0 animal skin
rPois    .         Reflect  .   (helmet restricted)
rElec    .         Harm     .   (no cloak)
rCorr    .         Rampage  .   (no gloves)
Will     ++...                  d - +0 pair of boots
Stlth    +.........             (no amulet)
HPRegen  1.19/turn              f - ring of ice
MPRegen  0.09/turn              l - ring of protection from fire

@: on berserk cooldown, regenerating, slowed, very slow
A: horns 2, retaliatory headbutt
a: Renounce Religion, Berserk, Trog's Hand


You were on level 3 of the Dungeon.
You worshipped Trog.
Trog was pleased with you.
You visited 1 branch of the dungeon, and saw 3 of its levels.

You collected 83 gold pieces.

Inventory:

Hand Weapons
 a - a +0 hand axe (weapon)
Armour
 b - a +0 animal skin (worn)
 d - a +0 pair of boots (worn)
Jewellery
 f - a ring of ice (left hand)
 l - a ring of protection from fire (right hand)
Scrolls
 e - a scroll of blinking {unknown}
 i - a scroll of teleportation {unknown}
 j - a scroll of summoning {unknown}
 k - a scroll of identify {unknown}
 m - a scroll of immolation {unknown}
Potions
 c - 2 potions of degeneration
 g - 2 potions of lignification {unknown}
 h - a potion of invisibility {unknown}
 n - a potion of cancellation {unknown}


   Skills:
 * Level 6.5 Fighting
 + Level 5.7 Axes
 * Level 4.0 Armour
 + Level 3.2 Dodging


You had 5 spell levels left.
You didn't know any spells.
Your spell library was empty.

Dungeon Overview and Level Annotations

Branches:
Dungeon (3/15)

Altars:
Cheibriados
Ru

Annotations:
D:3 Grinder


Innate Abilities, Weirdness & Mutations

You have a pair of horns on your head.
You reflexively headbutt those who attack you in melee.


Message History

Found a stone staircase leading down.
A red film seems to cover your vision as you go berserk!
You feel yourself moving faster!
You feel mighty!
Grinder blinks!
You feel a strong urge to attack something.
Found a stone staircase leading down and a stone staircase leading up.
You feel your anger nearly subside.
You are no longer berserk.
You are exhausted.
You feel yourself slow down.
Grinder says, "You look like you could use a good racking."
You hit Grinder but do no damage. Grinder closely misses you.
You furiously retaliate!
You headbutt Grinder! You hit Grinder but do no damage.
Your headbutt misses Grinder.
Grinder is lightly wounded.
Grinder misses you. Grinder gestures at you. Pain shoots through your body!
You hit Grinder but do no damage.
Grinder is lightly wounded.
Grinder hits you!
You closely miss Grinder.
Grinder is lightly wounded.
Grinder closely misses you. x2
You slash Grinder!
Grinder is heavily wounded.
Grinder hits you!
You writhe in agony.
You hit Grinder but do no damage. You headbutt Grinder!
Grinder is severely wounded.
Grinder hits you.
You writhe in agony.
Grinder hits you.
You writhe in agony.
Your skin crawls.
You feel strong-willed. Grinder hits you!
* * * LOW HITPOINT WARNING * * *
It was a potion of degeneration.
There was something very wrong with that liquid.
You feel weakened.
You feel dopey.
You feel clumsy. Grinder hits you!
* * * LOW HITPOINT WARNING * * *
You writhe in agony.
You die...

..)...........)_).#.#
#..........#.###.# ###
#....####...^# #.#
#<.##...##.>#....###.#
#...#...#...###......#
#..#..)#..# ########
#.####.....#####
#..............#
#.....5@8......#
##.............#
#####.....#####
+#...#..# #...#...#
#...##.># #.... ###
######


You could see Grinder.

Vanquished Creatures
  Sigmund (D:2)
  A hound (D:3)
  Jessica (D:2)
  An iguana (D:2)
  Natasha (thrice) (D:2)
  An orc wizard (D:3)
  2 adders (D:3)
  A dart slug (D:2)
  3 orcs (D:3)
  2 bats
  6 endoplasms
  A giant cockroach (D:2)
  7 goblins
  3 hobgoblins
  5 kobolds
  2 quokkas (D:2)
  5 ball pythons
  2 frilled lizards
  5 rats
52 creatures vanquished.

Notes
Turn   | Place    | Note
-------+----------+-------------------------------------------
     0 | D:1      | robertstho the Minotaur Berserker began the quest for the
                  | Orb.
     0 | D:1      | Reached XP level 1. HP: 19/19 MP: 0/0
   272 | D:1      | Reached skill level 4 in Fighting
   272 | D:1      | Reached XP level 2. HP: 22/27 MP: 1/1
   761 | D:2      | Reached XP level 3. HP: 15/34 MP: 2/2
  1139 | D:2      | Noticed Jessica
  1146 | D:2      | Killed Jessica
  1147 | D:2      | Reached XP level 4. HP: 18/41 MP: 3/3
  1401 | D:2      | Noticed Natasha
  1412 | D:2      | Killed Natasha
  1413 | D:2      | Reached skill level 5 in Fighting
  1691 | D:2      | Noticed Sigmund
  1698 | D:2      | Killed Sigmund
  1699 | D:2      | Reached skill level 6 in Fighting
  1699 | D:2      | Reached skill level 5 in Axes
  1699 | D:2      | Reached XP level 5. HP: 50/50 MP: 4/4
  1864 | D:2      | Reached ** piety under Trog
  1992 | D:2      | Noticed Natasha
  1999 | D:2      | Killed Natasha
  2000 | D:2      | Reached XP level 6. HP: 57/57 MP: 5/5
  2004 | D:2      | Noticed Natasha
  2016 | D:2      | Killed Natasha
  2254 | D:3      | Found a snail-covered altar of Cheibriados.
  2528 | D:3      | Found a sacrificial altar of Ru.
  2534 | D:3      | Found a faded altar of an unknown god.
  2660 | D:3      | Noticed Grinder
  2661 | D:3      | Paralysed by Grinder for 3 turns
  2681 | D:3      | Slain by Grinder

Illustrated notes

Levels and vault maps discovered:
D:1:      beargit_arrival_diablo_church, layout_basic
D:2:      layout_basic, serial_rivers, chequers_serial_rivers_micro_d,
          chequers_serial_rivers_micro_d, chequers_serial_rivers_small_b,
          chequers_serial_rivers_marsh, chequers_serial_rivers_small_3,
          chequers_serial_rivers_large_a, minmay_misc_feat_nine_boxes,
          uniq_sigmund, uniq_natasha, uniq_jessica
D:3:      layout_basic, lemuel_crystal_altar, lemuel_doored_altar,
          basic_ecumenical_altar, grunt_ministairs_6, uniq_grinder

Skill      XL: |  1  2  3  4  5  6 |
---------------+-------------------+-----
Fighting       | 4 6 |  6.5
Axes           | 4 5 |  5.7
Armour         | 3 4 |  4.0
Dodging        | 3 |  3.2

Action                   |  1- 3 |  4- 6 || total
-------------------------+-------+-------++-------
Melee: Hand axe          |    41 |    66 ||   107
       Headbutt          |     7 |     8 ||    15
Invok: Berserk           |     1 |     3 ||     4
       Trog's Hand       |       |     1 ||     1
  Use: Potion            |       |     1 ||     1
Armor: Animal skin       |     5 |    10 ||    15
Dodge: Dodged            |    23 |    39 ||    62

Table legend: (Time is in decaauts)
 A = Elapsed time spent in this place.
 B = Non-inter-level travel time spent in this place.
 C = Inter-level travel time spent in this place.
 D = Time resting spent in this place.
 E = Time spent auto-exploring this place.
 F = Levels seen in this place.
 G = Mean time per level.
                   A        B        C        D        E       F      G
               +--------+--------+--------+--------+--------+-----+--------+
         Total |   2748 |   2714 |     34 |     29 |   2299 |   3 |  916.0 |
       Dungeon |   2748 |   2714 |     34 |     29 |   2299 |   3 |  916.0 |
               +--------+--------+--------+--------+--------+-----+--------+

Top non-repeatable levels by time:
     D:2: 1542 daAuts
     D:1: 725 daAuts
     D:3: 479 daAuts
